 Dungeon Crawl Stone Soup version 0.31-a0-654-gbe3e110b4e (webtiles) character file.

Game seed: 4201131077639614979

157 Dittersdorf the Covered (level 5, -1/33 HPs)
             Began as a Gargoyle Fighter on Aug 29, 2023.
             Slain by Natasha (5 damage)
             ... on level 2 of the Dungeon.
             The game lasted 00:03:50 (1571 turns).

Dittersdorf the Covered (Gargoyle Fighter)          Turns: 1571, Time: 00:03:51

Health: -1/33      AC: 14    Str: 21    XL:     5   Next: 38%
Magic:  5/5        EV:  8    Int:  9    God:
Gold:   64         SH:  4    Dex:  9    Spells: 4/4 levels left

rFire   . . .        a - +0 flail
rCold   . . .        c - +0 buckler
rNeg    + + .        g - +0 chain mail
rPois   ∞            p - +0 helmet
rElec   +            (no cloak)
rCorr   .            (no gloves)
SInv    .            (no boots)
Will    .....        f - amulet of the acrobat Stlth
                     k - ring of positive energy
HPRegen 0.25/turn    (no ring)
MPRegen 0.09/turn

%: acrobat
@: no status effects
A: sickness immunity, AC +4, negative energy resistance 1, electricity
resistance, torment resistance 1, petrification resistance
a: no special abilities


You were on level 2 of the Dungeon.
You visited 1 branch of the dungeon, and saw 2 of its levels.

You collected 64 gold pieces.

Inventory:

Hand Weapons
 a - a +0 flail (weapon)
Armour
 c - a +0 buckler (worn)
 g - a +0 chain mail (worn)
 p - a +0 helmet (worn)
Jewellery
 f - an amulet of the acrobat (around neck)
 k - a ring of positive energy (left hand)
Scrolls
 b - a scroll of fog {unknown}
 h - 2 scrolls of teleportation {unknown}
 i - 2 scrolls of identify {unknown}
 n - a scroll of blinking {unknown}
 o - a scroll of revelation {unknown}
 q - a scroll of poison {unknown}
 s - a scroll of brand weapon {unknown}
Potions
 d - a potion of might
 e - a potion of mutation {unknown}
 j - a potion of brilliance {unknown}
 l - 2 potions of haste {unknown}
 m - a potion of heal wounds {unknown}
 r - 2 potions of degeneration {unknown}


   Skills:
 + Level 4.2 Fighting
 + Level 3.1 Maces & Flails
 + Level 4.3 Armour
 + Level 4.3 Shields


You had 4 spell levels left.
You didn't know any spells.
Your spell library contained the following spells:

 Spells                   Type           Power      Damage    Failure   Level
 Stone Arrow              Conj/Erth      0%         3d7       100%        3
 Animate Armour           Summ/Erth      0%         N/A       100%        4
 Lehudib's Crystal Spear  Conj/Erth      0%         10d2      100%        8


Dungeon Overview and Level Annotations

Branches:
Dungeon (2/15)

Altars:

Annotations:
D:2 Natasha


Innate Abilities, Weirdness & Mutations

You are immune to sickness and miasma.
Your stone body is resilient. (AC +4)
You are immune to poison.
You resist negative energy. (rN+)
You are resistant to electric shocks. (rElec)
You are resistant to unholy torment.
You are immune to petrification.


Message History

You barely miss Natasha. Natasha claws you. x2
You closely miss Natasha. You block Natasha's attack.
You barely miss Natasha. Natasha closely misses you.
You closely miss Natasha. Natasha casts a spell at you.
The magic dart hits you! You block Natasha's attack.
You are too injured to fight recklessly!
You are too injured to fight recklessly!
You are too injured to fight recklessly!
You are too injured to fight recklessly!
You are too injured to fight recklessly!
You are too injured to fight recklessly!
You are too injured to fight recklessly!
You are too injured to fight recklessly!
You are too injured to fight recklessly!
You are too injured to fight recklessly!
You are too injured to fight recklessly!
You are too injured to fight recklessly!
You are too injured to fight recklessly!
You are too injured to fight recklessly!
You are too injured to fight recklessly!
You are too injured to fight recklessly!
You are too injured to fight recklessly!
You are too injured to fight recklessly!
You are too injured to fight recklessly!
You are too injured to fight recklessly!
You are too injured to fight recklessly!
You hit Natasha.
Natasha is moderately wounded.
Natasha claws you.
You hit Natasha.
Natasha is severely wounded.
Natasha casts a spell.
You miss Natasha.
Natasha is severely wounded.
Natasha claws you!
* * * LOW HITPOINT WARNING * * *
The cerulean imp barely misses you. Natasha claws you.
You die...
Natasha begins licking her fur clean.

..............# #..##......###.#
.).....[.÷....# ##..#......# #.#
..............#####........# #.#
#.#............. ##.####### #.##
#.#.............. #.# #.#.
..###...#####.######.## #...
.####...#####..###5...# #######..
....>............h.#### #...†....
..####..########@###### #........
.######(##### #......###........
............#########............
###########....).## #####........
######..#### #........ ##)...#
#######.. #....# #.. #....# #..
###### ###


You could see Natasha and a cerulean imp (summoned).

Vanquished Creatures
  Natasha (twice) (D:2)
  Robin (D:2)
  2 adders (D:2)
  A worm (D:2)
  4 dart slugs
  4 endoplasms
  2 giant cockroaches
  14 goblins
  7 hobgoblins
  10 kobolds
  A quokka (D:1)
  3 ball pythons
  8 bats
  3 frilled lizards (D:2)
  4 rats
66 creatures vanquished.

Notes
Turn   | Place    | Note
-------+----------+-------------------------------------------
     0 | D:1      | Dittersdorf the Gargoyle Fighter began the quest for the
                  | Orb.
     0 | D:1      | Reached XP level 1. HP: 14/14 MP: 1/1
   115 | D:1      | Reached XP level 2. HP: 16/19 MP: 2/2
   533 | D:1      | Reached XP level 3. HP: 20/23 MP: 3/3
  1024 | D:2      | Reached XP level 4. HP: 29/29 MP: 4/4
  1130 | D:2      | Noticed Natasha
  1141 | D:2      | Killed Natasha
  1206 | D:2      | Noticed Robin
  1326 | D:1      | Reached XP level 5. HP: 31/33 MP: 5/5
  1362 | D:2      | Killed Robin
  1430 | D:2      | Noticed Natasha
  1436 | D:2      | Killed Natasha
  1560 | D:2      | Noticed Natasha
  1571 | D:2      | Slain by Natasha

Illustrated notes

Levels and vault maps discovered:
D:1:      lightli_arrival_farm, layout_loops_cross, serial_park_tiny_pond,
          serial_park_tiny_2
D:2:      layout_rooms, uniq_robin, uniq_natasha

Skill      XL: |  1  2  3  4 |
---------------+-------------+-----
Armour         | 4 |  4.3
Shields        | 4 |  4.3
Fighting       | 4 |  4.2
Maces & Flails | 3 |  3.1

Action                     |  1- 3 |  4- 6 || total
---------------------------+-------+-------++-------
  Melee: Flail             |   127 |    88 ||   215
 Armour: Scale mail        |    32 |       ||    32
         Chain mail        |    61 |    83 ||   144
  Dodge: Dodged            |    55 |    71 ||   126
  Block: Buckler           |    36 |    31 ||    67

Table legend: (Time is in decaauts)
 A = Elapsed time spent in this place.
 B = Non-inter-level travel time spent in this place.
 C = Inter-level travel time spent in this place.
 D = Time resting spent in this place.
 E = Time spent auto-exploring this place.
 F = Levels seen in this place.
 G = Mean time per level.
                   A        B        C        D        E       F      G
               +--------+--------+--------+--------+--------+-----+--------+
         Total |   1672 |   1638 |     34 |    102 |   1007 |   2 |  836.0 |
       Dungeon |   1672 |   1638 |     34 |    102 |   1007 |   2 |  836.0 |
               +--------+--------+--------+--------+--------+-----+--------+

Top non-repeatable levels by time:
     D:1: 940 daAuts
     D:2: 731 daAuts
